 Dungeon Crawl Stone Soup version 0.30-a0-475-g03497ec522 (webtiles) character file.

Game seed: 1523574777972474718

658 themarg the Conjurer (level 7, -3/50 HPs)
             Began as a Purple Draconian Conjurer on Dec 21, 2022.
             Slain by an ice beast (11 damage)
             ... on level 5 of the Dungeon.
             The game lasted 00:09:18 (3421 turns).

themarg the Conjurer (Purple Draconian Conjurer)    Turns: 3421, Time: 00:09:18

Health: -3/50      AC:  6    Str:  9    XL:     7   Next: 30%
Magic:  6/15       EV: 12    Int: 20    God:
Gold:   204        SH:  0    Dex: 10    Spells: 14/17 levels left

rFire   . . .      SeeInvis .    f - +0 dagger
rCold   . . .      Faith    .    (no shield)
rNeg    . . .      Spirit   .    (body armour unavailable)
rPois   .          Reflect  .    (helmet restricted)
rElec   .          Harm     .    (no cloak)
rCorr   .          Rampage  .    (no gloves)
Will    +....                    (no boots)
Stlth   ++........               n - amulet of magic regeneration
HPRegen 0.28/turn                (no ring)
MPRegen 0.54/turn                (no ring)

@: slowed, very slow
A: breathe power, AC +6, unfitting armour, cold-blooded
a: Breathe Dispelling Energy


You were on level 5 of the Dungeon.
You visited 1 branch of the dungeon, and saw 5 of its levels.

You collected 204 gold pieces.

Inventory:

Hand Weapons
 f - a +0 dagger (weapon)
Missiles
 g - 9 stones
 s - 2 poisoned darts
 u - 2 silver javelins
Armour
 r - a scarf of repulsion
Jewellery
 n - an amulet of magic regeneration (around neck)
 t - an amulet of faith
Wands
 k - a wand of roots (12)
 x - a wand of quicksilver (12)
Scrolls
 b - a scroll of torment {unknown}
 c - a scroll of identify {unknown}
 d - 2 scrolls of teleportation
 e - a scroll of poison {unknown}
 j - a scroll of magic mapping {unknown}
 m - a scroll of fear {unknown}
 p - 2 scrolls of vulnerability {unknown}
 v - a scroll of immolation {unknown}
 y - 3 scrolls of blinking {unknown}
Potions
 a - 2 potions of haste
 h - 2 potions of curing {unknown}
 i - a potion of flight {unknown}
 l - 2 potions of brilliance {unknown}
 o - 2 potions of might {unknown}
 q - 3 potions of mutation {unknown}
 w - a potion of attraction {unknown}


   Skills:
 - Level 1.7 Dodging
 - Level 3.0 Stealth
 - Level 5.9 Spellcasting
 + Level 7.0 Conjurations


You had 14 spell levels left.
You knew the following spells:

 Your Spells              Type           Power      Damage    Failure   Level
a - Magic Dart            Conj           100%       1d8       1%          1
b - Searing Ray           Conj           68%        2d6       1%          2

Your spell library contained the following spells:

 Spells                   Type           Power      Damage    Failure   Level
 Kiss of Death            Conj/Necr      80%        2d11      2%          1
 Momentum Strike          Conj/Tloc      40%        3d9       3%          2
 Dazzling Flash           Conj/Hex       40%        N/A       8%          3
 Blink                    Tloc           10%        N/A       16%         2
 Fulminant Prism          Conj/Hex       10%        3d8       24%         4
 Iskenderun's Mystic Bla  Conj/Tloc      20%        2d6       24%         4
 Sticky Flame             Conj/Fire      20%        2d4       24%         4
 Confusing Touch          Hex            5%         N/A       32%         3
 Ignite Poison            Fire/Tmut/Pois 5%         N/A       32%         3
 Lesser Beckoning         Tloc           10%        N/A       32%         3
 Dispel Undead            Necr           5%         3d7       71%         4
 Ignition                 Fire           2%         3d3       100%        8


Dungeon Overview and Level Annotations

Branches:
Dungeon (5/15)
 Temple: D:4-7

Altars:
Cheibriados
Okawaru

Annotations:
D:5 exclusion: door, Dowan, Duvessa


Innate Abilities, Weirdness & Mutations

You can breathe bolts of dispelling energy.
Your rich purple scales are hard. (AC +6)
You cannot fit into any form of body armour.
You are cold-blooded and may be slowed by cold attacks.


Message History

You hear some strange, mumbled words.
A puff of flame appears from out of thin air!
The puff of flame hits you.
The searing ray hits the ice beast.
The ice beast is lightly wounded.
The searing ray hits something.
Reactivating autopickup.
You feel a bit more experienced.
You finish channelling your searing ray.
The ice beast hits you but does no damage.
The orc hits you with a +0 whip.
Your Conjurations skill increases to level 7!
Casting: Searing Ray (safe; 1% risk of failure)
Confirm with . or Enter, or press ? or * to list all spells.
Aiming: Searing Ray (safe; 1% risk of failure)
Press: ? - help, Shift-Dir - straight line, f - orc
Aim: an orc, wielding a +0 whip and wearing a +0 leather armour (severely wounded, 81% to hit)
The searing ray hits the orc!
You kill the orc! (Press . to maintain the ray.)
The ice beast hits you. The ice beast freezes you!
You feel yourself slow down.
Casting: Searing Ray (safe; 1% risk of failure)
Confirm with . or Enter, or press ? or * to list all spells.
Restarting spell: Searing Ray (safe; 1% risk of failure)
Press: ? - help, Shift-Dir - straight line, f - ice beast
Aim: an ice beast (lightly wounded, 81% to hit)
The searing ray hits the ice beast!
The ice beast is heavily wounded. (Press . to maintain the ray.)
The ice beast closely misses you.
The searing ray misses the ice beast.
You feel yourself speed up. The ice beast hits you. The ice beast freezes you!
You feel yourself slow down.
* * * LOW HITPOINT WARNING * * *
The ice beast hits you.
* * * LOW HITPOINT WARNING * * *
The ice beast freezes you!
You die...

#.....†.....##...##..#
##..##.###..##...##..###
.##..##.#######.........#
.........<# #.........#
..........+ #.........#
#..######## #.........#
### #.........#
#...###..## ##@## ####
#.Y)..# #.)...# #...###
#...# ....# ....# ##...#


You could see an ice beast.

Vanquished Creatures
  Sigmund (D:2)
  A water moccasin (D:5)
  A scorpion (D:5)
  3 orc priests (D:3)
  A hound (D:2)
  Terence (D:2)
  2 orc wizards
  3 adders
  A worm (D:2)
  4 dart slugs
  16 orcs
  4 ball pythons
  2 bats
  9 endoplasms
  2 giant cockroaches
  10 goblins
  7 hobgoblins
  6 kobolds
  4 frilled lizards
  5 rats
83 creatures vanquished.

Notes
Turn   | Place    | Note
-------+----------+-------------------------------------------
     0 | D:1      | themarg the Draconian Conjurer began the quest for the Orb.
     0 | D:1      | Reached XP level 1. HP: 14/14 MP: 3/3
   395 | D:1      | Reached XP level 2. HP: 20/20 MP: 3/5
   398 | D:1      | Learned a level 2 spell: Searing Ray
  1293 | D:2      | Noticed Sigmund
  1397 | D:2      | Reached XP level 3. HP: 26/26 MP: 2/6
  1496 | D:2      | Reached XP level 4. HP: 29/33 MP: 1/8
  1699 | D:2      | Noticed Terence
  1713 | D:2      | Killed Terence
  2049 | D:2      | Killed Sigmund
  2050 | D:2      | Reached skill level 5 in Conjurations
  2050 | D:2      | Reached XP level 5. HP: 38/38 MP: 2/11
  2050 | D:2      | Reached XP level 6. HP: 45/45 MP: 2/12
  2225 | D:3      | Found a snail-covered altar of Cheibriados.
  2462 | D:3      | Found an iron altar of Okawaru.
  2600 | D:3      | Reached skill level 6 in Conjurations
  3246 | D:5      | Entered Level 5 of the Dungeon
  3259 | D:5      | Your scales start taking on a rich purple colour.
  3259 | D:5      | Reached skill level 5 in Spellcasting
  3259 | D:5      | Reached XP level 7. HP: 40/50 MP: 8/15
  3374 | D:5      | Noticed Duvessa
  3374 | D:5      | Noticed Dowan
  3419 | D:5      | Reached skill level 7 in Conjurations
  3421 | D:5      | Slain by an ice beast

Illustrated notes

Levels and vault maps discovered:
D:1:      onia_arrival_pyramid, layout_basic
D:2:      minmay_spotlight, layout_rooms, uniq_sigmund, uniq_terence
D:3:      layout_loops_cross, kennysheep_slug_shrine, okawaru_ov_weapons_minmay,
          amcnicky_mini_corridor_feature, corexii_corridor_pit
D:4:      layout_cave_pools, serial_park, serial_park_gazebo
          [serial_park_minivault_5x5_7], serial_park_avenue1,
          serial_park_tiny_2, serial_park_tiny_1
D:5:      layout_gridville, mainiacjoe_overflow_alcove_4,
          general_overflow_altar, yredelemnul_altar_generic,
          mainiacjoe_overflow_small_starburst, uniq_blork_the_orc, uniq_duvessa,
          uniq_menkaure

Skill      XL: |  1  2  3  4  5  6  7 |
---------------+----------------------+-----
Stealth        | 2 3 |  3.0
Spellcasting   | 4 5 |  5.9
Conjurations   | 5 6 7 |  7.0
Dodging        | |  1.7

Action                   |  1- 3 |  4- 6 |  7- 9 || total
-------------------------+-------+-------+-------++-------
Melee: Dagger            |    18 |     2 |       ||    20
       Tailslap          |     2 |     1 |       ||     3
 Cast: Magic Dart        |    50 |    46 |       ||    96
       Searing Ray       |     3 |    27 |     6 ||    36
  Use: Potion            |       |     1 |       ||     1
       Scroll            |       |     1 |       ||     1
Armor: Skin              |     8 |     4 |     6 ||    18
Dodge: Dodged            |    13 |    11 |     4 ||    28

Table legend: (Time is in decaauts)
 A = Elapsed time spent in this place.
 B = Non-inter-level travel time spent in this place.
 C = Inter-level travel time spent in this place.
 D = Time resting spent in this place.
 E = Time spent auto-exploring this place.
 F = Levels seen in this place.
 G = Mean time per level.
                   A        B        C        D        E       F      G
               +--------+--------+--------+--------+--------+-----+--------+
         Total |   3425 |   3301 |    124 |    319 |   2520 |   5 |  685.0 |
       Dungeon |   3425 |   3301 |    124 |    319 |   2520 |   5 |  685.0 |
               +--------+--------+--------+--------+--------+-----+--------+

Top non-repeatable levels by time:
     D:1: 1228 daAuts
     D:2: 920 daAuts
     D:3: 665 daAuts
     D:4: 436 daAuts
     D:5: 175 daAuts
